PBL
MADISON BREWERS @ AMARILLO THUNDERHEADS
07/04/2047
 
TOP OF THE 1ST
Madison Brewers batting - Pitching for Amarillo ThunderHeads : LHP Zach Harris
Pitching: LHP Zach Harris
Batting: RHB Tristan Smeets 0-0: Ball
1-0: Ball
2-0: Called Strike
2-1: Ball
3-1: SOLO HOME RUN (Flyball, 78XD, EV 98.8 MPH), Distance : 403 ft
Batting: RHB Malcolm McCauley 0-0: Foul Ball, location: 2F
0-1: Ground out 6-3 (Groundball, 6, EV 85.0 MPH)
Batting: RHB Mario Lopez 0-0: Ground out 3-1 (Groundball, 13, EV 75.6 MPH)
Batting: LHB Fumito Sakurai 0-0: Swinging Strike
0-1: Ground out 5-3 (Groundball, 5L, EV 77.5 MPH)
Top of the 1st over - 1 run, 1 hit, 0 errors, 0 left on base; Madison 1 - Amarillo 0
BOTTOM OF THE 1ST
Amarillo ThunderHeads batting - Pitching for Madison Brewers : RHP Franklin Arroyo
Pitching: RHP Franklin Arroyo
Batting: RHB Sam Voss 0-0: Called Strike
0-1: Foul Ball, location: 2F
0-2: Foul Ball, location: 2F
0-2: Ball
1-2: Ground out 6-3 (Groundball, 6, EV 79.4 MPH)
Batting: RHB Bill Flannery 0-0: Ball
1-0: Called Strike
1-1: Ball
2-1: Called Strike
2-2: Foul Ball, location: 2F
2-2: Ball
3-2: Base on Balls
Batting: RHB Eric Juarez 0-0: Ball
1-0: Ball
2-0: Foul Ball, location: 2F
2-1: Ball
3-1: Base on Balls
Bill Flannery to second
Batting: RHB Eric Camillo 0-0: Foul Ball, location: 2F
0-1: Ball
1-1: Foul Ball, location: 2F
1-2: SINGLE (Groundball, 5S, EV 66.9 MPH) (infield hit)
Bill Flannery to third
Eric Juarez to second
Batting: RHB Josh Shoemaker 0-0: Swinging Strike
0-1: Ball
1-1: Grounds into double play, 5-4-3 (Groundball, 56, EV 82.5 MPH)
Bottom of the 1st over - 0 runs, 1 hit, 0 errors, 2 left on base; Madison 1 - Amarillo 0
TOP OF THE 2ND
Madison Brewers batting - Pitching for Amarillo ThunderHeads : LHP Zach Harris
Batting: LHB Tony Hasbun 0-0: Ball
1-0: Ball
2-0: Foul Ball, location: 2F
2-1: Ball
3-1: Called Strike
3-2: Base on Balls
Batting: RHB Curtis Montgomery 0-0: Ball
1-0: Foul Ball, location: 2F
1-1: Grounds into double play, 4-6-3 (Groundball, 34S, EV 86.9 MPH)
Batting: RHB Manny Olave 0-0: SINGLE (Groundball, 56S, EV 71.2 MPH) (infield hit)
Batting: RHB Lorenzo Diaz 0-0: Called Strike
0-1: Fly out, F1 (Popup, 15, EV 85.6 MPH)
Top of the 2nd over - 0 runs, 1 hit, 0 errors, 1 left on base; Madison 1 - Amarillo 0
BOTTOM OF THE 2ND
Amarillo ThunderHeads batting - Pitching for Madison Brewers : RHP Franklin Arroyo
Batting: LHB Tony Cisneros 0-0: Fly out, F6 (Popup, 6D, EV 49.4 MPH)
Batting: RHB Shi-fu Cuan 0-0: Ball
1-0: Called Strike
1-1: Ball
2-1: Called Strike
2-2: Strikes out swinging
Batting: RHB Adrian Quilantan 0-0: Foul Ball, location: 2F
0-1: Ball
1-1: Ball
2-1: Fly out, F7 (Flyball, 78XD, EV 85.6 MPH)
Bottom of the 2nd over - 0 runs, 0 hits, 0 errors, 0 left on base; Madison 1 - Amarillo 0
TOP OF THE 3RD
Madison Brewers batting - Pitching for Amarillo ThunderHeads : LHP Zach Harris
Batting: RHB Fernando Mejia 0-0: SINGLE (Groundball, 56D, EV 107.5 MPH) (infield hit)
Batting: RHB Tristan Smeets 0-0: Ball
1-0: Ball
2-0: Ball
3-0: Called Strike
3-1: Swinging Strike
3-2: DOUBLE (Line Drive, 89M, EV 113.8 MPH)
Fernando Mejia to third
Batting: RHB Malcolm McCauley 0-0: Ball
1-0: Ball
2-0: Foul Ball, location: 2F
2-1: Swinging Strike
2-2: Fly out, F8 (Flyball, 8LD, EV 98.8 MPH)
Runner from 3rd tags up, SCORES, throw by CF
Batting: RHB Mario Lopez 0-0: Ball
1-0: Ball
2-0: SINGLE (Line Drive, 4MD, EV 96.2 MPH)
Tristan Smeets to third
Batting: LHB Fumito Sakurai 0-0: Ball
1-0: Foul Ball, location: 2F
1-1: Fly out, F2 (Popup, 2LF, EV 90.6 MPH)
Batting: LHB Tony Hasbun 0-0: Ball
1-0: Ball
2-0: Called Strike
2-1: Foul Ball, location: 2F
2-2: Strikes out looking
Top of the 3rd over - 1 run, 3 hits, 0 errors, 2 left on base; Madison 2 - Amarillo 0
BOTTOM OF THE 3RD
Amarillo ThunderHeads batting - Pitching for Madison Brewers : RHP Franklin Arroyo
Batting: RHB Zhong See-to 0-0: Ball
1-0: Called Strike
1-1: Foul Ball, location: 2F
1-2: Ball
2-2: Strikes out swinging
Batting: RHB Sam Voss 0-0: Called Strike
0-1: Ball
1-1: Ball
2-1: Foul Ball, location: 2F
2-2: SINGLE (Groundball, 4D, EV 99.4 MPH)
Batting: RHB Bill Flannery 0-0: Called Strike
0-1: Ball
1-1: Grounds into double play, 6-4-3 (Groundball, 6, EV 105.0 MPH)
Bottom of the 3rd over - 0 runs, 1 hit, 0 errors, 0 left on base; Madison 2 - Amarillo 0
TOP OF THE 4TH
Madison Brewers batting - Pitching for Amarillo ThunderHeads : LHP Zach Harris
Batting: RHB Curtis Montgomery 0-0: Ball
1-0: Ball
2-0: Foul Ball, location: 2F
2-1: Ball
3-1: Base on Balls
Batting: RHB Manny Olave 0-0: Fly out, F8 (Flyball, 8LM, EV 86.2 MPH)
Batting: RHB Lorenzo Diaz 0-0: Swinging Strike
0-1: Ball
1-1: Ball
2-1: Called Strike
2-2: SINGLE (Line Drive, 6MD, EV 105.0 MPH)
Curtis Montgomery to second
Batting: RHB Fernando Mejia 0-0: Called Strike
0-1: Ball
1-1: SINGLE (Line Drive, 9LS, EV 100.0 MPH)
Curtis Montgomery to third
Lorenzo Diaz to second
Runner from 3rd tries for Home, SAFE, throw by RF to home
Now at 2B: Mario Gomez
Now in RF: Tony Cisneros
Batting: RHB Tristan Smeets 0-0: Foul Ball, location: 2F
0-1: Foul Ball, location: 2F
0-2: Ball
1-2: Foul Ball, location: 2F
1-2: Ball
2-2: Foul Ball, location: 2F
2-2: Ball
3-2: Base on Balls
Lorenzo Diaz to third
Fernando Mejia to second
Batting: RHB Malcolm McCauley 0-0: Fly out, F8 (Flyball, 8RD, EV 97.5 MPH)
Batting: RHB Mario Lopez 0-0: Foul Ball, location: 2F
0-1: Ball
1-1: Called Strike
1-2: Reached via error on a dropped throw from 1B, E1 (Groundball, 34S, EV 91.2 MPH)
Lorenzo Diaz scores
Fernando Mejia to third
Tristan Smeets to second
Batting: LHB Fumito Sakurai 0-0: Called Strike
0-1: Ball
1-1: Called Strike
1-2: Fly out, F6 (Popup, 56, EV 53.8 MPH)
Top of the 4th over - 2 runs, 2 hits, 1 error, 3 left on base; Madison 4 - Amarillo 0
BOTTOM OF THE 4TH
Amarillo ThunderHeads batting - Pitching for Madison Brewers : RHP Franklin Arroyo
Batting: RHB Eric Juarez 0-0: Ball
1-0: Ball
2-0: Ball
3-0: Called Strike
3-1: Foul Ball, location: 2F
3-2: Strikes out swinging
Batting: RHB Eric Camillo 0-0: Ground out 6-3 (Groundball, 6, EV 83.1 MPH)
Batting: RHB Mario Gomez 0-0: Swinging Strike
0-1: Ball
1-1: Ball
2-1: Swinging Strike
2-2: Strikes out swinging
Bottom of the 4th over - 0 runs, 0 hits, 0 errors, 0 left on base; Madison 4 - Amarillo 0
TOP OF THE 5TH
Madison Brewers batting - Pitching for Amarillo ThunderHeads : LHP Zach Harris
Batting: LHB Tony Hasbun 0-0: Ball
1-0: Called Strike
1-1: SINGLE (Flyball, 8RM, EV 91.9 MPH)
Batting: RHB Curtis Montgomery 0-0: Ball
1-0: Called Strike
1-1: Called Strike
1-2: Ball
2-2: Foul Ball, location: 2F
2-2: Foul Ball, location: 2F
2-2: Foul Ball, location: 2F
2-2: Foul Ball, location: 2F
2-2: SINGLE (Line Drive, 4MD, EV 100.0 MPH)
Tony Hasbun to second
Runner from 2nd tries for 3rd, SAFE, throw by CF made to third
Batting: RHB Manny Olave 0-0: Swinging Strike
0-1: DOUBLE (Line Drive, 78D, EV 105.6 MPH)
Tony Hasbun scores
Curtis Montgomery to third
Batting: RHB Lorenzo Diaz 0-0: Ground out 5-3 (Groundball, 56, EV 76.9 MPH)
Curtis Montgomery scores
Batting: RHB Fernando Mejia 0-0: Ball
1-0: Ball
2-0: Fly out, F8 (Flyball, 8RS, EV 90.6 MPH)
Batting: RHB Tristan Smeets 0-0: Called Strike
0-1: Called Strike
0-2: Ball
1-2: Ball
Wild Pitch!
Manny Olave to third
2-2: Foul Ball, location: 2F
2-2: Ball
3-2: Base on Balls
Batting: RHB Malcolm McCauley 0-0: Ball
1-0: Ground out U3 (Groundball, 3S, EV 85.0 MPH)
Top of the 5th over - 2 runs, 3 hits, 0 errors, 2 left on base; Madison 6 - Amarillo 0
BOTTOM OF THE 5TH
Amarillo ThunderHeads batting - Pitching for Madison Brewers : RHP Franklin Arroyo
Batting: LHB Tony Cisneros 0-0: Ball
1-0: Called Strike
1-1: Foul Ball, location: 2F
1-2: Foul Ball, location: 2F
1-2: Ball
2-2: Strikes out looking
Batting: RHB Shi-fu Cuan 0-0: Ball
1-0: Called Strike
1-1: Ball
2-1: Swinging Strike
2-2: Foul Ball, location: 2F
2-2: Strikes out looking
Batting: RHB Adrian Quilantan 0-0: SINGLE (Flyball, 5D, EV 96.2 MPH)
Batting: RHB Zhong See-to 0-0: Called Strike
0-1: Called Strike
0-2: Strikes out looking
Bottom of the 5th over - 0 runs, 1 hit, 0 errors, 1 left on base; Madison 6 - Amarillo 0
TOP OF THE 6TH
Madison Brewers batting - Pitching for Amarillo ThunderHeads : LHP Zach Harris
Batting: RHB Mario Lopez 0-0: Called Strike
0-1: Swinging Strike
0-2: Strikes out swinging
Batting: LHB Fumito Sakurai 0-0: Ball
1-0: Ball
2-0: Ball
3-0: Base on Balls
Pitching: RHP Antonio Ayala
Batting: LHB Tony Hasbun 0-0: Ball
1-0: Called Strike
1-1: Foul Ball, location: 2F
1-2: Ball
2-2: Ball
3-2: Foul Ball, location: 2F
3-2: Strikes out swinging
Batting: RHB Curtis Montgomery 0-0: Ball
1-0: Called Strike
1-1: Called Strike
1-2: Ball
2-2: Reached on error, E3 (Groundball, 23, EV 80.6 MPH)
Fumito Sakurai to second
Batting: RHB Manny Olave 0-0: Ball
1-0: Ground out 5-3 (Groundball, 15, EV 89.4 MPH)
Top of the 6th over - 0 runs, 0 hits, 1 error, 2 left on base; Madison 6 - Amarillo 0
BOTTOM OF THE 6TH
Amarillo ThunderHeads batting - Pitching for Madison Brewers : RHP Franklin Arroyo
Batting: RHB Sam Voss 0-0: Ball
1-0: Swinging Strike
1-1: Swinging Strike
1-2: Ball
2-2: Ground out 6-3 (Groundball, 56, EV 90.6 MPH)
Pitching: LHP Juan Gonzalez
Batting: RHB Bill Flannery 0-0: Called Strike
0-1: Ball
1-1: Ball
2-1: Ground out 4-3 (Groundball, 4, EV 99.4 MPH)
Batting: RHB Eric Juarez 0-0: Ball
1-0: Ball
2-0: Ball
3-0: Base on Balls
Batting: RHB Eric Camillo 0-0: Called Strike
0-1: Ball
1-1: Ball
2-1: Foul Ball, location: 2F
2-2: Strikes out swinging
Bottom of the 6th over - 0 runs, 0 hits, 0 errors, 1 left on base; Madison 6 - Amarillo 0
TOP OF THE 7TH
Madison Brewers batting - Pitching for Amarillo ThunderHeads : RHP Antonio Ayala
Batting: RHB Lorenzo Diaz 0-0: Called Strike
0-1: Foul Ball, location: 2F
0-2: Ground out 5-3 (Groundball, 56, EV 78.1 MPH)
Batting: RHB Fernando Mejia 0-0: SINGLE (Flyball, 4D, EV 90.6 MPH)
Batting: RHB Tristan Smeets 0-0: Called Strike
0-1: Ball
Wild Pitch!
Fernando Mejia to second
1-1: Foul Ball, location: 2F
1-2: Foul Ball, location: 2F
1-2: Ball
2-2: Foul Ball, location: 2F
2-2: DOUBLE (Flyball, 78D, EV 103.1 MPH)
Fernando Mejia scores
Pinch Hitting: RHB Dustin Pryor 0-0: Ball
1-0: Foul Ball, location: 2F
1-1: Called Strike
1-2: Ball
2-2: Ball
3-2: Strikes out swinging
Pitching: RHP Mike Hickey
Pinch Hitting: RHB Austin Doig 0-0: Called Strike
0-1: Ball
1-1: Fly out, F8 (Line Drive, 8RM, EV 91.2 MPH)
Top of the 7th over - 1 run, 2 hits, 0 errors, 1 left on base; Madison 7 - Amarillo 0
BOTTOM OF THE 7TH
Amarillo ThunderHeads batting - Pitching for Madison Brewers : LHP Juan Gonzalez
Now at 1B: Alejandro Collazo
Now in CF: Fumito Sakurai
Now in RF: Edwin Vasquez
Batting: RHB Mario Gomez 0-0: Ball
1-0: Called Strike
1-1: Foul Ball, location: 2F
1-2: Ball
2-2: Strikes out looking
Batting: LHB Tony Cisneros 0-0: Ball
1-0: Ball
2-0: Ground out 4-3 (Groundball, 4, EV 87.5 MPH)
Batting: RHB Shi-fu Cuan 0-0: Foul Ball, location: 2F
0-1: Ball
1-1: Swinging Strike
1-2: Foul Ball, location: 2F
1-2: Ball
2-2: Strikes out swinging
Bottom of the 7th over - 0 runs, 0 hits, 0 errors, 0 left on base; Madison 7 - Amarillo 0
TOP OF THE 8TH
Madison Brewers batting - Pitching for Amarillo ThunderHeads : RHP Mike Hickey
Batting: LHB Fumito Sakurai 0-0: Called Strike
0-1: Ball
1-1: Fly out, F7 (Flyball, 78D, EV 109.4 MPH)
Pinch Hitting: RHB Jordan Dugue 0-0: Ball
1-0: Ball
2-0: Called Strike
2-1: Ball
3-1: Base on Balls
Batting: RHB Curtis Montgomery 0-0: Called Strike
0-1: Ball
1-1: Grounds into double play, 1-6-3 (Groundball, 13S, EV 74.4 MPH)
Top of the 8th over - 0 runs, 0 hits, 0 errors, 0 left on base; Madison 7 - Amarillo 0
BOTTOM OF THE 8TH
Amarillo ThunderHeads batting - Pitching for Madison Brewers : LHP Juan Gonzalez
Now at 2B: Fernando Mejia
Now at 3B: Jordan Dugue
Batting: RHB Adrian Quilantan 0-0: Called Strike
0-1: Ball
1-1: SINGLE (Groundball, 6MD, EV 95.6 MPH)
Batting: RHB Zhong See-to 0-0: Fly out, F9 (Flyball, 9, EV 81.2 MPH)
Batting: RHB Sam Voss 0-0: Foul Ball, location: 2F
0-1: Ball
1-1: Foul Ball, location: 2F
1-2: Foul Ball, location: 2F
1-2: Ball
2-2: Foul Ball, location: 2F
2-2: Foul Ball, location: 2F
2-2: Foul Ball, location: 2F
2-2: Ball
3-2: Fielders Choice at 2nd, 6-4 (Groundball, 6, EV 88.1 MPH)
Batting: RHB Bill Flannery 0-0: Foul Ball, location: 2F
0-1: Swinging Strike
0-2: Ball
1-2: Ball
2-2: Foul Ball, location: 2F
2-2: Strikes out swinging
Bottom of the 8th over - 0 runs, 1 hit, 0 errors, 1 left on base; Madison 7 - Amarillo 0
TOP OF THE 9TH
Madison Brewers batting - Pitching for Amarillo ThunderHeads : RHP Mike Hickey
Batting: RHB Manny Olave 0-0: Called Strike
0-1: Ball
1-1: Called Strike
1-2: Ball
2-2: Ball
3-2: Strikes out swinging
Batting: RHB Lorenzo Diaz 0-0: Called Strike
0-1: Ball
1-1: Fly out, F9 (Flyball, 9LM, EV 88.1 MPH)
Batting: RHB Fernando Mejia 0-0: Called Strike
0-1: Ground out 6-3 (Groundball, 6, EV 97.5 MPH)
Top of the 9th over - 0 runs, 0 hits, 0 errors, 0 left on base; Madison 7 - Amarillo 0
BOTTOM OF THE 9TH
Amarillo ThunderHeads batting - Pitching for Madison Brewers : LHP Juan Gonzalez
Batting: RHB Eric Juarez 0-0: Called Strike
0-1: Ground out 6-3 (Groundball, 6, EV 91.2 MPH)
Batting: RHB Eric Camillo 0-0: Called Strike
0-1: Foul Ball, location: 2F
0-2: Strikes out swinging
Batting: RHB Mario Gomez 0-0: Called Strike
0-1: Swinging Strike
0-2: Ball
1-2: Foul Ball, location: 2F
1-2: Foul Ball, location: 2F
1-2: Ball
2-2: Foul Ball, location: 2F
2-2: Ball
3-2: Fly out, F8 (Flyball, 8LM, EV 93.8 MPH)
Bottom of the 9th over - 0 runs, 0 hits, 0 errors, 0 left on base; Madison 7 - Amarillo 0
Thursday, December 15th , 2022 - OOTP Baseball 23.9 Build 102